[Event "Early-Titled-Tuesday-Blitz-April-16-2024"]
[Site "Chess.com"]
[Date "2024.04.16"]
[Round "1"]
[White "Mazarini41"]
[Black "Titus369"]
[Result "0-1"]
[WhiteElo "2357"]
[BlackElo "2657"]
[TimeControl "180+1"]
[EndTime "8:06:34 PDT"]
[Termination "Titus369 won by checkmate"]

1. e4 c5 2. Nf3 d6 3. d4 cxd4 4. Nxd4 Nf6 5. Nc3 a6 6. f3 e6 7. Be3 Nbd7 8. Qd2 b5 9. O-O-O b4 10. Nc6 bxc3 11. Qxc3 Qc7 12. g4 h6 13. h4 Bb7 14. g5 hxg5 15. Na5 Qxc3 16. bxc3 Bc8 17. Bxg5 Nc5 18. Be2 Be7 19. Nc6 Bd7 20. Nxe7 Kxe7 21. Rd4 e5 22. Rd2 Be6 23. Rhd1 Rhd8 24. h5 Na4 25. Rh1 Rh8 26. h6 gxh6 27. Bxh6 Nxc3 28. Bd3 Nxa2+ 29. Kb1 Rab8+ 30. Ka1 Nc3 31. Rdh2 Rb4 32. Bd2 Ra4+ 33. Kb2 Rb8+ 34. Kc1 Rb1# 0-1

[Event "Early-Titled-Tuesday-Blitz-April-16-2024"]
[Site "Chess.com"]
[Date "2024.04.16"]
[Round "1"]
[White "zsizsi99"]
[Black "Nitzan_Steinberg"]
[Result "0-1"]
[WhiteElo "2500"]
[BlackElo "2898"]
[TimeControl "180+1"]
[EndTime "8:06:39 PDT"]
[Termination "Nitzan_Steinberg won on time"]

1. e4 c5 2. Nf3 e6 3. d4 cxd4 4. Nxd4 Nc6 5. Nc3 Qc7 6. Qd3 a6 7. Nxc6 dxc6 8. Qg3 e5 9. Bc4 Nf6 10. a4 Be6 11. Bxe6 fxe6 12. O-O Bc5 13. Be3 Bxe3 14.
Qxe3 a5 15. f4 exf4 16. Rxf4 Qe5 17. Rd1 O-O 18. Rff1 Ng4 19. Qg3 Qc5+ 20. Kh1 Nf2+ 21. Rxf2 Qxf2 22. Qd3 Rad8 23. Qxd8 Rxd8 24. Rxd8+ Kf7 25.
h3 Qf1+ 26. Kh2 Qf4+ 27. Kh1 Qc1+ 28. Kh2 Qxb2 29. Ne2 Qxc2 30. Nd4 Qxe4 31. Nf3 Qf4+ 32. Kh1 Ke7 33. Rg8 Qc1+ 34. Kh2 Qa1 35. Rb8 Qxa4 36. Rxb7+ Kf6 37. g4 h6 38. h4 g5 39. hxg5+ hxg5 40. Kh3 Qf4 0-1

[Event "Early-Titled-Tuesday-Blitz-April-16-2024"]
[Site "Chess.com"]
[Date "2024.04.16"]
[Round "1"]
[White "Tagir45"]
[Black "DarZay"]
[Result "1-0"]
[WhiteElo "2627"]
[BlackElo "2321"]
[TimeControl "180+1"]
[EndTime "8:06:39 PDT"]
[Termination "Tagir45 won by checkmate"]

1. d4 d5 2. c4 e6 3. Nf3 Nf6 4. g3 Be7 5. Bg2 O-O 6. O-O dxc4 7.
Qc2 a6 8. a4 Bd7 9. Qxc4 Bc6 10. Bg5 Nbd7 11. Nc3 Ne4 12. Bxe7 Qxe7 13. Nxe4 Bxe4 14.
Qxc7 Rfc8 15. Qf4 f5 16. Rfc1 Qb4 17. Ng5 Bxg2 18. Kxg2 Qxb2 19. Nxe6 Qxe2 20. Qxf5 Nf6 21. Nxg7 Rxc1 22. Rxc1 Qe4+ 23. Qxe4 Nxe4 24. Ne6 b5 25.
axb5 axb5 26. Rc7 b4 27. Rg7+ Kh8 28. Rb7 Ra4 29. Rb8# 1-0

[Event "Early-Titled-Tuesday-Blitz-April-16-2024"]
[Site "Chess.com"]
[Date "2024.04.16"]
[Round "1"]
[White "stepanosinovsky"]
[Black "mr_gustavo"]
[Result "1/2-1/2"]
[WhiteElo "2423"]
[BlackElo "2707"]
[TimeControl "180+1"]
[EndTime "8:06:40 PDT"]
[Termination "Game drawn by repetition"]

1. e4 e6 2. d3 d5 3. Nd2 Nf6 4. Ngf3 c5 5. g3 Nc6 6. Bg2 Be7 7. O-O b6 8. Re1 Bb7 9. Qe2 Qc7 10. c3 a5 11. a4 Ba6 12. exd5 Nxd5 13. Nc4 O-O 14. Nfe5 Nxe5 15. Nxe5 Rad8 16. Bd2 Bf6 17. Ng4 h5 18. Bxd5 Rxd5 19. Nxf6+ gxf6 20. c4 Rf5 21. g4 Re5 22. Qf3 Bb7 23. Qxf6 Qc6 24. Re4 Rxe4 25. Qg5+ Kh7 26. Qxh5+ Kg8 27. Qg5+ Kh7 28. Qh6+ Kg8 29. Qg5+ Kh8 30. Qf6+ Kg8 31. Qg5+ 1/2-1/2

[Event "Early-Titled-Tuesday-Blitz-April-16-2024"]
[Site "Chess.com"]
[Date "2024.04.16"]
[Round "1"]
[White "stolencandy13"]
[Black "stratacticos"]
[Result "1-0"]
[WhiteElo "2548"]
[BlackElo "1880"]
[TimeControl "180+1"]
[EndTime "8:06:40 PDT"]
[Termination "stolencandy13 won on time"]

1. d4 Nf6 2. Bf4 g6 3. Nc3 d5 4. Qd2 h6 5. Nf3 Bg7 6. e3 c6 7. Bd3 Nbd7 8. Ne5 Nxe5 9. Bxe5 b5 10. f3 b4 11. Ne2 a5 12. g4 O-O 13. h4 Nxg4 14. Bxg7 Kxg7 15. fxg4 Bxg4 16. h5 Bxh5 17. O-O-O Bf3 18. Rh3 Be4 19. Ng3 Bxd3 20. Qxd3 Qc8 21. Rdh1 Rh8 22. e4 Qg4 23. Nf5+ Kf6 24. Nxh6 Qf4+ 25.
Kb1 dxe4 26. Qe2 Rxh6 27. Rxh6 Ke6 28. R6h4 Qf3 29. Rxe4+ 1-0

[Event "Early-Titled-Tuesday-Blitz-April-16-2024"]
[Site "Chess.com"]
[Date "2024.04.16"]
[Round "1"]
[White "Leo_C"]
[Black "zacachess"]
[Result "1-0"]
[WhiteElo "2657"]
[BlackElo "2358"]
[TimeControl "180+1"]
[EndTime "8:06:41 PDT"]
[Termination "Leo_C won on time"]

1. e4 c5 2. Nf3 d6 3. d4 cxd4 4.
Qxd4 Nc6 5. Bb5 a6 6. Bxc6+ bxc6 7. O-O e5 8. Qa4 Bd7 9. c4 Ne7 10. c5 Ng6 11. cxd6 Bxd6 12. Rd1 Qe7 13. Nbd2 O-O 14.
Nc4 Bc5 15. h3 Be6 16. Ncxe5 Nxe5 17. Nxe5 Bxh3 18. Nd3 Bg4 19. Re1 Rfd8 20. Nxc5 Qxc5 21. Be3 Qb5 22. Qc2 Rac8 23. f3 Be6 24. Bc5 Qd3 25. Qc1 Qc4 26. Qe3 Rd3 27. Qf2 Rcd8 28. Be3 1-0

[Event "Early-Titled-Tuesday-Blitz-April-16-2024"]
[Site "Chess.com"]
[Date "2024.04.16"]
[Round "1"]
[White "TenisMaster"]
[Black "ragnaroek66"]
[Result "1-0"]
[WhiteElo "2918"]
[BlackElo "2506"]
[TimeControl "180+1"]
[EndTime "8:06:42 PDT"]
[Termination "TenisMaster won by resignation"]

1. e4 c6 2. d4 d5 3. e5 Bf5 4. Nf3 e6 5. c3 Ne7 6. Be2 Ng6 7. O-O Nd7 8. Re1 f6 9. Bd3 Bxd3 10. Qxd3 fxe5 11.
Nxe5 Ndxe5 12. dxe5 Bc5 13. Qh3 Qe7 14. Be3 Bxe3 15. Rxe3 O-O 16. g3 Rad8 17. Nd2 c5 18.
Rae1 d4 19. cxd4 cxd4 20. Rd3 Rd5 21. Nf3 Rxf3 22. Rxf3 Nxe5 23. Rb3 d3 24. Qg2 Qc7 25. Rc3 Qb6 26. Qe4 g6 27. Qf4 Nf7 28. Qe3 d2 29.
Rd1 Qxb2 30. Rc8+ Kg7 31. Qxe6 Re5 32. Qg4 Re1+ 33. Kg2 h5 34. Qf3 Qd4 35. Rc7 Qd5 36. Qxd5 1-0

[Event "Early-Titled-Tuesday-Blitz-April-16-2024"]
[Site "Chess.com"]
[Date "2024.04.16"]
[Round "1"]
[White "MatthewG-p4p"]
[Black "RedFirePanda"]
[Result "1-0"]
[WhiteElo "2867"]
[BlackElo "2493"]
[TimeControl "180+1"]
[EndTime "8:06:42 PDT"]
[Termination "MatthewG-p4p won by resignation"]

1. e4 d5 2. exd5 Qxd5 3. Nc3 Qd8 4. d4 Nf6 5. Nf3 Bf5 6. Bd3 Bg6 7. O-O e6 8. Re1 Be7 9. Ne5 Bxd3 10. Qxd3 c6 11.
Qg3 Rg8 12. Bg5 Nbd7 13. Rad1 Nxe5 14. dxe5 Nd5 15. Ne4 Bxg5 16. Nxg5 Qe7 17. c4 Nb6 18. Nxh7 Nd7 19. Ng5 O-O-O 20. Ne4 f6 21. Nd6+ Kb8 22. Nf5 Qc5 23. exf6+ Ka8 24. f7 Rgf8 25. Nd6 g5 26. Ne8 Rxf7 27. Nc7+ Kb8 28. Na6+ 1-0

[Event "Early-Titled-Tuesday-Blitz-April-16-2024"]
[Site "Chess.com"]
[Date "2024.04.16"]
[Round "1"]
[White "20ofJuly"]
[Black "Kazmin_Semyon"]
[Result "0-1"]
[WhiteElo "2209"]
[BlackElo "2586"]
[TimeControl "180+1"]
[EndTime "8:06:42 PDT"]
[Termination "Kazmin_Semyon won on time"]

1. e4 e6 2. d4 d5 3. exd5 exd5 4.
Nf3 Nc6 5. Bd3 Bg4 6. c3 Bd6 7. O-O Nge7 8. Re1 Qd7 9. Nbd2 O-O-O 10. b4 Ng6 11. b5 Nce7 12. c4 Nf5 13. c5 Bf4 14. h3 Bxf3 15. Nxf3 Nfe7 16. c6 Qd6 17. Qa4 Bxc1 18. Qxa7 bxc6 19. Raxc1 Kd7 20. bxc6+ Ke8 21. Ne5 Nf4 22. Bf1 f6 23. Nd7 Ne6 24. Nc5 Nxc5 25. dxc5 Qxc6 26. a4 Ra8 27. Bb5 Rxa7 28. Bxc6+ Kf7 29.
Bd7 c6 30. Be6+ Kg6 0-1

[Event "Early-Titled-Tuesday-Blitz-April-16-2024"]
[Site "Chess.com"]
[Date "2024.04.16"]
[Round "1"]
[White "Nimrod_Veinberg"]
[Black "esrosenberg"]
[Result "1-0"]
[WhiteElo "2689"]
[BlackElo "2388"]
[TimeControl "180+1"]
[EndTime "8:06:43 PDT"]
[Termination "Nimrod_Veinberg won by resignation"]

1. e4 c5 2. c3 e6 3. d4 d5 4. exd5 Qxd5 5. Nf3 Nf6 6. Be3 Bd7 7. c4 Qd6 8. Nc3 cxd4 9. Nxd4 a6 10. g3 Nc6 11. Bg2 Rc8 12. b3 Nxd4 13. Qxd4 Bc6 14. Qxd6 Bxd6 15. Bxc6+ Rxc6 16. O-O-O Ba3+ 17. Kc2 b5 18. cxb5 axb5 19. Kd3 Bc5 20. Nxb5 Bxe3 21. fxe3 Ke7 22. Ke2 Ne4 23. Rc1 Rhc8 24. Rxc6 Rxc6 25. a4 f5 26. Nd4 Rc3 27. Ra1 g6 28. a5 e5 29. a6 exd4 30. a7 d3+ 31. Kd1 Rc8 32. a8=Q Rxa8 33. Rxa8 d2 34. Ra7+ Kd6 35. Rxh7 Kc5 36.
Rg7 Kb4 37. Kc2 1-0

[Event "Early-Titled-Tuesday-Blitz-April-16-2024"]
[Site "Chess.com"]
[Date "2024.04.16"]
[Round "1"]
[White "GP9isback23"]
[Black "dealshark"]
[Result "1-0"]
[WhiteElo "2650"]
[BlackElo "2349"]
[TimeControl "180+1"]
[EndTime "8:06:46 PDT"]
[Termination "GP9isback23 won by checkmate"]

1. d4 Nf6 2. Nf3 d5 3. c4 e6 4.
Nc3 Be7 5. Bg5 O-O 6. e3 h6 7. Bh4 Ne4 8. Bxe7 Qxe7 9. Nxe4 dxe4 10. Nd2 f5 11. Be2 Nd7 12. O-O c6 13. c5 Kh8 14. Nc4 Nf6 15. Rc1 Nd5 16. Ne5 Qg5 17. g3 f4 18. h4 Qf6 19. exf4 Rd8 20.
Bh5 Kg8 21. Qg4 Bd7 22. Bg6 e3 23. Rce1 exf2+ 24. Rxf2 Be8 25. Bb1 Rac8 26. a3 Rc7 27.
Rfe2 Re7 28. Qf3 Bf7 29. Qe4 Kf8 30. Qh7 Bg8 31. Qe4 Bf7 32. Kh2 Ke8 33. Rf2 Nc7 34. f5 exf5 35. Rxf5 Qe6 36. Nxf7 Qxe4 37. Rxe4 Rxe4 38.
Bxe4 Rxd4 39. Nd6+ Kd7 40. Rf7+ Kd8 41. Bf5 Nd5 42. Rd7# 1-0

[Event "Early-Titled-Tuesday-Blitz-April-16-2024"]
[Site "Chess.com"]
[Date "2024.04.16"]
[Round "1"]
[White "LeoWin2012"]
[Black "GlavkonVVS"]
[Result "1-0"]
[WhiteElo "2300"]
[BlackElo "2592"]
[TimeControl "180+1"]
[EndTime "8:06:46 PDT"]
[Termination "LeoWin2012 won by resignation"]

1. b3 Nf6 2. Bb2 d5 3. Nf3 Bf5 4. d3 e6 5. Nbd2 h6 6. g3 Nbd7 7. Bg2 Be7 8. O-O O-O 9. Qe1 Bh7 10. e4 c6 11. e5 Ne8 12. Rc1 a5 13. c4 Bxd3 14.
cxd5 cxd5 15. Nd4 Qb6 16. Ne2 Qa6 17. Nf4 Bxf1 18. Bxf1 Qb6 19. Nf3 Nc7 20. Bd4 Bc5 21.
Bxc5 Nxc5 22. Qe3 a4 23. b4 Qxb4 24. Rxc5 Rfc8 25. Qc1 Qb6 26. Nh5 a3 27. Nf6+ gxf6 28. exf6 Qxc5 29. Qxc5 Ne8 30. Qd4 Rc1 31. Qf4 Rac8 32.
Qxh6 Nxf6 33. Qxf6 R8c7 34. Qg5+ Kf8 35. Qd8+ Kg7 36.
Ne5 f6 37. Ng4 Rf7 38. Qa5 e5 39. Qxa3 Rfc7 40. Qd6 d4 41. Qxf6+ Kg8 1-0

[Event "Early-Titled-Tuesday-Blitz-April-16-2024"]
[Site "Chess.com"]
[Date "2024.04.16"]
[Round "1"]
[White "klercaku"]
[Black "Squirlolz"]
[Result "0-1"]
[WhiteElo "2193"]
[BlackElo "2580"]
[TimeControl "180+1"]
[EndTime "8:06:46 PDT"]
[Termination "Squirlolz won by resignation"]

1. e4 g6 2. d4 Bg7 3. Nf3 c5 4. Nc3 cxd4 5. Nxd4 Nc6 6. Be3 Nf6 7. Be2 O-O 8. O-O d5 9. exd5 Nxd5 10. Nxc6 bxc6 11.
Nxd5 cxd5 12. c3 a5 13. Qd2 Rb8 14. Rad1 Be6 15. Bc5 Qd7 16. b4 Rfc8 17. Bf3 Qa4 18. Bxd5 axb4 19. Bxe6 bxc3 20. Qd5 fxe6 21. Qxe6+ Kh8 22.
Be3 c2 23. Rc1 Bf6 24. h3 Qc4 25. Qd7 Qxa2 26. Qg4 Qc4 27. Qe2 Qxe2 0-1

[Event "Early-Titled-Tuesday-Blitz-April-16-2024"]
[Site "Chess.com"]
[Date "2024.04.16"]
[Round "1"]
[White "Louis-Paulsen-Fan"]
[Black "RTFrancisco"]
[Result "1-0"]
[WhiteElo "2360"]
[BlackElo "2628"]
[TimeControl "180+1"]
[EndTime "8:06:48 PDT"]
[Termination "Louis-Paulsen-Fan won by resignation"]

1. d4 Nf6 2. Nf3 g6 3. c4 Bg7 4. Nc3 O-O 5. e4 d6 6. Be2 e5 7. O-O exd4 8. Nxd4 Re8 9. f3 Nc6 10. Nxc6 bxc6 11. Be3 a5 12. Qd2 Nd7 13. Bd4 c5 14.
Bxg7 Kxg7 15. f4 Bb7 16. Bf3 Rb8 17. Nb5 a4 18. Rae1 Qf6 19. Nxc7 Re7 20. Nb5 Re6 21. e5 dxe5 22. Qxd7 e4 23. Bg4 Re7 24. Qd6 Qxd6 25. Nxd6 f5 26. Bxf5 gxf5 27. Nxf5+ Kf6 28. Nxe7 Kxe7 29. f5 Kf6 30. Re3 Bc6 31. b3 a3 32.
Rh3 Bd7 33. Rxh7 Rb7 34. Rh6+ Ke5 35. Ra6 e3 36. f6 e2 37. Re1 Bg4 38. h3 Bh5 39. g4 Kf4 40. gxh5 Kf3 41. Re6 Rb8 42. R6xe2 Rg8+ 43. Kh2 1-0

[Event "Early-Titled-Tuesday-Blitz-April-16-2024"]
[Site "Chess.com"]
[Date "2024.04.16"]
[Round "1"]
[White "frederiksvane"]
[Black "nickmatta"]
[Result "1-0"]
[WhiteElo "3041"]
[BlackElo "2530"]
[TimeControl "180+1"]
[EndTime "8:06:49 PDT"]
[Termination "frederiksvane won by resignation"]

1. c4 e6 2. g3 d5 3. Bg2 Nf6 4. Nf3 dxc4 5. Qa4+ c6 6. Qxc4 b5 7. Qb3 Bb7 8. d4 Nbd7 9. O-O a6 10. Ne5 Nxe5 11.
dxe5 Nd7 12. Rd1 Qc7 13. Nc3 Be7 14. Bf4 O-O 15. Ne4 c5 16. Nf6+ gxf6 17. exf6 e5 18.
fxe7 Rfe8 19. Bxb7 Qxb7 20. Bg5 c4 21. Qe3 f6 22.
Rd6 Kf7 23. Bh4 Rxe7 24. Qh6 Kg8 25. Rad1 Rf8 26. Bxf6 Nxf6 27. Rxf6 Rxf6 28. Qxf6 Re8 29. Rd6 Qf7 30. Qxf7+ Kxf7 31. Rxa6 Rd8 32. Rb6 Rd5 33. e3 e4 34. Kg2 Ke7 35. a4 bxa4 36. Rb4 Rd2 37.
Rxc4 1-0

[Event "Early-Titled-Tuesday-Blitz-April-16-2024"]
[Site "Chess.com"]
[Date "2024.04.16"]
[Round "1"]
[White "KnightmareJoker"]
[Black "Shahdad2007"]
[Result "0-1"]
[WhiteElo "2303"]
[BlackElo "2614"]
[TimeControl "180+1"]
[EndTime "8:06:51 PDT"]
[Termination "Shahdad2007 won by checkmate"]

1. e4 c5 2. Nf3 e6 3. d4 cxd4 4. Nxd4 Nc6 5. Nc3 Qc7 6. Be2 a6 7. O-O Nf6 8. Be3 Bb4 9. Na4 Be7 10. Nxc6 bxc6 11. Nb6 Rb8 12. Nxc8 Qxc8 13. Bd4 d5 14. e5 Nd7 15. f4 c5 16. Bc3 d4 17. Ba5 Rxb2 18. Qd3 O-O 19. Rfb1 Qb7 20. Rxb2 Qxb2 21. Qd1 d3 22. Bxd3 Qd4+ 23. Kh1 Qxf4 24. Bxh7+ Kxh7 25. Qxd7 Qxe5 26. Re1 Qd6 27. Qa4 Rb8 28. Bc3 Bg5 29. Qg4 Bh6 30. Be5 Qxe5 31. Qd1 Qf6 32. Qd3+ Qg6 33.
Qxa6 Qxc2 34. h3 Rb1 35. Rxb1 Qxb1+ 36. Kh2 Bf4+ 37. g3 Qc2+ 38. Kg1 Bxg3 39. Qb5 Qf2+ 40. Kh1 Qh2# 0-1

[Event "Early-Titled-Tuesday-Blitz-April-16-2024"]
[Site "Chess.com"]
[Date "2024.04.16"]
[Round "1"]
[White "viditchess"]
[Black "guillembaches"]
[Result "1-0"]
[WhiteElo "3132"]
[BlackElo "2537"]
[TimeControl "180+1"]
[EndTime "8:06:52 PDT"]
[Termination "viditchess won on time"]

1. d4 d5 2. Nf3 e6 3. Bf4 Bd6 4. e3 Nf6 5. Nbd2 Bxf4 6. exf4 O-O 7. Bd3 b6 8. Qe2 c5 9. c3 a5 10. h4 Ba6 11. Bxa6 Nxa6 12. h5 cxd4 13. Nxd4 Nc5 14. h6 g6 15. N2f3 Nce4 16. Ne5 Qc7 17. g3 Rfc8 18. Kf1 Nd7 19. Ng4 Ndf6 20. Ne5 Nd7 21. Nef3 Qc4 22. Qxc4 Rxc4 23. Ke2 Kf8 24. Nd2 Nxd2 25.
Kxd2 Rac8 26. Rae1 b5 27. Nxb5 Rb8 28. b3 Rxb5 29. bxc4 Rb2+ 30. Ke3 dxc4 31. Re2 Rb5 32. Kd4 Nb6 33. Re5 Rb2 34. Rxa5 Rxf2 35. a4 Rf3 36. Kc5 Nd5 37. Kd6 Nf6 38. Ra8+ Ne8+ 39. Kc6 Rxc3 40. Rd1 1-0

[Event "Early-Titled-Tuesday-Blitz-April-16-2024"]
[Site "Chess.com"]
[Date "2024.04.16"]
[Round "1"]
[White "ilya2700"]
[Black "Let_it_be_1"]
[Result "1-0"]
[WhiteElo "2321"]
[BlackElo "2600"]
[TimeControl "180+1"]
[EndTime "8:06:52 PDT"]
[Termination "ilya2700 won by resignation"]

1. e4 e6 2. d4 d5 3. exd5 exd5 4.
c4 Nf6 5. Nc3 Be7 6. Nf3 O-O 7.
Bd3 dxc4 8. Bxc4 Nbd7 9. O-O Nb6 10. Bb3 c6 11. Re1 Nfd5 12. Ne5 Be6 13. Bc2 Bf6 14.
Qd3 g6 15. Bh6 Bg7 16. Bxg7 Kxg7 17. Ne4 Nb4 18. Qd2 Nxc2 19. Qxc2 Qxd4 20. Ng5 Bf5 21.
Qb3 f6 22. Nef3 Qd5 23. Re7+ Kg8 24. Qc3 Na4 25. Qb4 fxg5 26. Qxa4 Rf7 27. Rd1 Qe4 28.
Rxe4 1-0

[Event "Early-Titled-Tuesday-Blitz-April-16-2024"]
[Site "Chess.com"]
[Date "2024.04.16"]
[Round "1"]
[White "tomesao"]
[Black "Azerichess"]
[Result "1-0"]
[WhiteElo "2544"]
[BlackElo "3018"]
[TimeControl "180+1"]
[EndTime "8:06:53 PDT"]
[Termination "tomesao won by checkmate"]

1. Nf3 Nf6 2. c4 b6 3. g3 Bb7 4.
Bg2 g6 5. b3 Bg7 6. Bb2 O-O 7.
O-O d6 8. d4 Nbd7 9. Nc3 Ne4 10.
Qc2 Nxc3 11. Bxc3 e5 12. dxe5 dxe5 13. Rfd1 Qc8 14. Bh3 f5 15. Ng5 Nc5 16. b4 Ne6 17. Nf3 Qe8 18. Bg2 e4 19. Nd4 Rd8 20. Nxe6 Qxe6 21.
Bxg7 Kxg7 22. Qc3+ Qf6 23. Qc2 Qe5 24. e3 Bc8 25.
Bf1 Be6 26. c5 bxc5 27. bxc5 a5 28. Rac1 h5 29. h4 Kh6 30. Bc4 Rxd1+ 31. Qxd1 Bxc4 32.
Rxc4 Rb8 33. Kg2 Qe6 34. Qd4 Rb1 35. Qh8# 1-0

[Event "Early-Titled-Tuesday-Blitz-April-16-2024"]
[Site "Chess.com"]
[Date "2024.04.16"]
[Round "1"]
[White "Hongjin"]
[Black "margarita_2703"]
[Result "1-0"]
[WhiteElo "2655"]
[BlackElo "2356"]
[TimeControl "180+1"]
[EndTime "8:06:53 PDT"]
[Termination "Hongjin won by resignation"]

1. e4 e5 2. Nf3 Nc6 3. Bc4 Nf6 4. d3 h6 5. c3 d6 6. a4 g5 7. a5 Bg7 8. a6 O-O 9. axb7 Bxb7 10. O-O Ne7 11. Re1 Ng6 12. Nbd2 Bc8 13. d4 Qe7 14. Nf1 a5 15. Ng3 Be6 16. Nf5 Qe8 17. Bd3 c5 18. Nxd6 Qd7 19. dxc5 Rfd8 20. Be3 Ng4 21. b4 Nxe3 22.
fxe3 f6 23. Qa4 Qc7 24. Qc2 Ne7 25. Qe2 Bf8 26. Bc4 Qd7 27. Rad1 Kg7 28. Rf1 Bxc4 29. Qxc4 Ng6 30. Nf5+ 1-0

[Event "Early-Titled-Tuesday-Blitz-April-16-2024"]
[Site "Chess.com"]
[Date "2024.04.16"]
[Round "1"]
[White "Smiechu"]
[Black "VD_coach"]
[Result "1-0"]
[WhiteElo "2376"]
[BlackElo "2643"]
[TimeControl "180+1"]
[EndTime "8:06:54 PDT"]
[Termination "Smiechu won by resignation"]

1. e4 c5 2. Nf3 d6 3. d4 cxd4 4. Nxd4 Nf6 5. Nc3 g6 6. Be3 Bg7 7. f3 O-O 8. Qd2 Nc6 9. Bc4 Bd7 10. h4 Rc8 11. Bb3 h5 12. O-O-O Ne5 13. Bg5 Rc5 14. Kb1 Qa5 15. Bxf6 Bxf6 16. Nd5 Rxd5 17. exd5 Qb6 18. g4 hxg4 19. h5 g5 20. f4 gxf4 21. Qxf4 a5 22. a4 Rc8 23. c3 Qc5 24. Rhg1 b5 25. Nxb5 Bxb5 26. axb5 a4 27. Qxa4 Kh8 28. Bc2 Rg8 29. Qe4 Kg7 30. h6+ Kf8 31. h7 Rh8 32. Rxg4 Nxg4 33. Qxg4 Qe3 34. Rg1 e5 35. Qc8+ Ke7 36. Qc7+ Ke8 37. Rg8+ 1-0

[Event "Early-Titled-Tuesday-Blitz-April-16-2024"]
[Site "Chess.com"]
[Date "2024.04.16"]
[Round "1"]
[White "David_Arutinian"]
[Black "sorch29"]
[Result "1-0"]
[WhiteElo "2825"]
[BlackElo "2469"]
[TimeControl "180+1"]
[EndTime "8:06:56 PDT"]
[Termination "David_Arutinian won by resignation"]

1. Nf3 Nf6 2. c4 b6 3. g3 Bb7 4. Bg2 g6 5. O-O Bg7 6. d4 O-O 7. Nc3 Ne4 8. Bd2 e6 9. Rc1 d6 10. Qc2 Nxd2 11. Qxd2 Nd7 12. e4 Qe7 13. Rfe1 a6 14.
Rcd1 Rad8 15. h4 h6 16. b3 Rfe8 17. Kh2 c5 18. d5 Bxc3 19. Qxc3 e5 20. h5 g5 21. Bh3 Nf6 22. Bf5 Nxh5 23. Kg2 Nf6 24. Rh1 Kg7 25. Qe3 Ng8 26. Rh2 f6 27. Rdh1 Bc8 28.
g4 Bxf5 29. exf5 e4 30. Nd2 Qe5 31. Re1 Qb2 32. Nxe4 Qxa2 33. Re2 Qa3 34. f4 gxf4 35. Qf3 Re5 36. Rh3 Rde8 37. Qxf4 Qa1 38. Rhe3 Qd4 39. Kf3 R8e7 40. Kg3 b5 41. Kf3 bxc4 42. bxc4 a5 43. Nc3 Rxe3+ 44. Rxe3 Rxe3+ 45. Qxe3 Qf4+ 46. Qxf4 1-0

[Event "Early-Titled-Tuesday-Blitz-April-16-2024"]
[Site "Chess.com"]
[Date "2024.04.16"]
[Round "1"]
[White "inagreV"]
[Black "Skatchkov_V"]
[Result "0-1"]
[WhiteElo "2376"]
[BlackElo "2666"]
[TimeControl "180+1"]
[EndTime "8:06:57 PDT"]
[Termination "Skatchkov_V won by resignation"]

1. d4 d5 2. c4 e6 3. Nc3 c5 4. cxd5 cxd4 5. Qxd4 Nc6 6. Qd1 exd5 7. Qxd5 Bd6 8. Bg5 Nf6 9. Bxf6 Qxf6 10. O-O-O Be5 11.
Qc5 Bd4 12. Qa3 Qxf2 13. Nf3 Qe3+ 14. Nd2 Bf5 15. Nd5 Qxa3 16. bxa3 O-O-O 17. e4 Bg4 18. Nf3 Bc5 19. Kb2 Rhe8 20. Bd3 Ne5 21. Rc1 Nxd3+ 22.
Kb3 Nxc1+ 23. Rxc1 b6 24. Nd4 Rxe4 25. Nc6 Rxd5 26.
Ne7+ Rxe7 0-1

[Event "Early-Titled-Tuesday-Blitz-April-16-2024"]
[Site "Chess.com"]
[Date "2024.04.16"]
[Round "1"]
[White "BashirliSaadat"]
[Black "Shuvalov"]
[Result "1/2-1/2"]
[WhiteElo "2344"]
[BlackElo "2631"]
[TimeControl "180+1"]
[EndTime "8:06:57 PDT"]
[Termination "Game drawn by repetition"]

1. d4 Nf6 2. e3 c5 3. Bd3 d5 4. c3 Bg4 5. f3 Bh5 6. Ne2 Nc6 7. O-O e5 8. Ng3 Bg6 9. dxe5 Nxe5 10. Bb5+ Nc6 11. Qa4 Qc7 12. Rd1 Bd6 13. Nf1 O-O 14.
Bd3 Ne5 15. Bxg6 hxg6 16. Nbd2 Rfe8 17. f4 Neg4 18. Nf3 Nh6 19. Qc2 Nf5 20. Qd2 Rad8 21. h3 Ne4 22. Qe1 Nf6 23. g4 Nxe3 24. Bxe3 Bxf4 25.
Qf2 Ne4 26. Qg2 Bxe3+ 27. Nxe3 Nxc3 28. bxc3 Rxe3 29. Rac1 Qf4 30. Rf1 Rde8 31. Nd2 Qe5 32. Qf2 Rg3+ 33. Kh1 Rxh3+ 34. Kg1 Rg3+ 35. Kh1 Re7 36.
Rce1 Rh3+ 37. Kg1 Rg3+ 38. Kh1 Rh3+ 39. Kg1 Rg3+ 40. Kh1 1/2-1/2

[Event "Early-Titled-Tuesday-Blitz-April-16-2024"]
[Site "Chess.com"]
[Date "2024.04.16"]
[Round "1"]
[White "BardArtem"]
[Black "SilverSwords13"]
[Result "1-0"]
[WhiteElo "2857"]
[BlackElo "2486"]
[TimeControl "180+1"]
[EndTime "8:06:59 PDT"]
[Termination "BardArtem won by resignation"]

1. e4 c5 2. Nf3 e6 3. c3 Nf6 4. e5 Nd5 5. Bc4 d6 6. exd6 Bxd6 7. d4 O-O 8. O-O cxd4 9. cxd4 Bd7 10. Re1 Bc6 11. Bg5 Qc7 12. Nbd2 Nd7 13. Ne4 Bf4 14. Bh4 Rac8 15. Bg3 Bxg3 16. hxg3 Rfd8 17. Rc1 Qb8 18. Qd2 N7f6 19. Nc5 b6 20. Nd3 Bb7 21. Nde5 Rc7 22. Bd3 Rdc8 23. a3 g6 24. Rxc7 Qxc7 25. Qh6 Qe7 26.
Ng5 Rf8 27. Ng4 Rc8 28. Be4 Rc7 29. Bf3 Qf8 30. Qh4 h5 31. Ne5 Qg7 32. g4 hxg4 33.
Bxg4 Nxg4 34. Nxg4 Nf6 35. Nxf6+ Qxf6 36. Qh7+ Kf8 37.
Nxe6+ fxe6 38. Qxc7 Bd5 39. Qe5 Qe7 40. Qh8+ Kf7 41.
Qh7+ Kf6 42. Qxe7+ Kxe7 43. f3 Kd6 44. Re5 Kc6 45.
Kf2 Kb5 46. b3 a5 47. Re3 a4 48. bxa4+ Kxa4 49. Kg3 Bb3 50. Re5 Kxa3 51. Rb5 1-0

[Event "Early-Titled-Tuesday-Blitz-April-16-2024"]
[Site "Chess.com"]
[Date "2024.04.16"]
[Round "1"]
[White "lioni26"]
[Black "HansOnTwitch"]
[Result "0-1"]
[WhiteElo "2539"]
[BlackElo "3143"]
[TimeControl "180+1"]
[EndTime "8:07:00 PDT"]
[Termination "HansOnTwitch won by resignation"]

1. e4 c5 2. Nc3 Nc6 3. f4 g6 4.
Nf3 Bg7 5. a4 d6 6. Bb5 Bd7 7. d3 Nd4 8. Bc4 e6 9. O-O Ne7 10. e5 Nxf3+ 11. Qxf3 d5 12. Bb3 O-O 13. Kh1 Bc6 14. Qf2 Rc8 15. Ne2 c4 16. Ba2 Nf5 17. d4 Bxa4 18. c3 Bc2 19. Bb1 Bxb1 20. Rxb1 h5 21.
g3 f6 22. Qg2 Bh6 23. h3 fxe5 24.
dxe5 Kh7 25. Kg1 Qb6+ 26. Kh1 Rcd8 27. g4 Ne3 28. Bxe3 Qxe3 29. Rf3 Qd2 30. Rbf1 Rf7 31. f5 gxf5 32. gxf5 Rg8 33. Qf2 Rgf8 34. f6 Rg8 35.
Nd4 Qxf2 36. R1xf2 Re8 37. Rg2 a6 38. Kg1 b5 39. Kf2 Rb7 40. Ke2 b4 41. Kd1 bxc3 42. bxc3 Rb1+ 43. Kc2 Reb8 0-1

[Event "Early-Titled-Tuesday-Blitz-April-16-2024"]
[Site "Chess.com"]
[Date "2024.04.16"]
[Round "1"]
[White "MarcoRiehle"]
[Black "ajeale2"]
[Result "1-0"]
[WhiteElo "2717"]
[BlackElo "2417"]
[TimeControl "180+1"]
[EndTime "8:07:00 PDT"]
[Termination "MarcoRiehle won by checkmate"]

1. e4 e6 2. c4 d5 3. cxd5 exd5 4. Qb3 Nf6 5. e5 Ne4 6. Nc3 Nxc3 7. bxc3 Be7 8. f4 O-O 9. Nf3 c5 10. d4 Nc6 11.
Be2 Bg4 12. Be3 cxd4 13. cxd4 Bb4+ 14. Kf2 Qd7 15. Rhc1 Be7 16. h3 Bf5 17. Bd3 Be4 18. Rd1 Na5 19. Qb1 Bxd3 20. Qxd3 Nc4 21. Rab1 b5 22. g4 f6 23. f5 Rac8 24. Bf4 b4 25. Kg3 Qa4 26. Qb3 Qxb3 27. axb3 Na3 28. Rbc1 Rc3 29.
Bd2 Rfc8 30. Bxc3 bxc3 31. Rd3 Bb4 32. Ne1 Rc6 33. Nc2 Nxc2 34. Rxc2 a5 35. Kf4 Kf7 36.
Rd1 Rb6 37. Rdc1 Rc6 38. Kf3 fxe5 39. dxe5 Ke7 40. Ke2 Rc5 41. Kd3 Kd7 42. Rxc3 Bxc3 43. Rxc3 Rb5 44. Kd4 h6 45. h4 Rb4+ 46. Kxd5 Rxg4 47.
e6+ Kd8 48. Kd6 Rd4+ 49. Ke5 Rxh4 50. Rg3 Rb4 51. Rxg7 Rxb3 52. Rg8+ Ke7 53. f6# 1-0